 Seeded DCSS version 0.30.1-4-g462c640d31 (webtiles) character file.

Game seed: 6351066067085065685 (custom seed)

15120 Esekla the Thaumaturge (level 11, -2/64 HPs)
             Began as a Deep Elf Necromancer on Aug 31, 2023.
             Was a High Priest of Vehumet.
             Hit by a large rock thrown by a cyclops (10 damage)
             ... on level 11 of the Dungeon.
             The game lasted 01:34:40 (12734 turns).

Esekla the Thaumaturge (Deep Elf Necromancer)      Turns: 12734, Time: 01:34:40

Health: -2/64      AC:  8    Str:  5    XL:     11   Next: 97%
Magic:  40/40      EV: 14    Int: 25    God:    Vehumet [*****.]
Gold:   709        SH:  0    Dex: 15    Spells: 14/38 levels left

rFire   . . .        c - +4 great sword
rCold   . . .        (shield currently unavailable)
rNeg    . . .        n - +0 troll leather armour
rPois   .            N - +1 helmet
rElec   .            G - +0 cloak
rCorr   .            j - +0 pair of gloves
SInv    .            (no boots)
Will    +....        B - amulet of magic regeneration
Stlth   +++          h - ring of magical power
HPRegen 1.10/turn    (no ring)
MPRegen 0.67/turn

%: no passive effects
@: studying Fighting
A: no striking features
a: Renounce Religion


You were on level 11 of the Dungeon.
You worshipped Vehumet.
Vehumet was extremely pleased with you.
You visited 1 branch of the dungeon, and saw 11 of its levels.
You also visited: Bailey.

You collected 709 gold pieces.

Inventory:

Hand Weapons
 a - a +2 vampiric dagger
 c - a +4 great sword (weapon)
 r - a +4 trident of venom
 s - the +5 rapier of the Hero {heavy, rN+ Dex+3}
   (You found it on level 3 of the Dungeon)

   Dex:       It affects your dexterity (+3).
   rN:        It protects you from negative energy.
 v - a +2 rapier of venom
Missiles
 w - 52 poisoned darts
 K - 6 curare-tipped darts
 M - 5 boomerangs (quivered)
Armour
 j - a +0 pair of gloves (worn)
 n - a +0 troll leather armour (worn)
 G - a +0 cloak (worn)
 L - +0 steam dragon scales
 N - a +1 helmet (worn)
Jewellery
 h - a ring of magical power (left hand)
 q - an amulet of reflection
 y - a ring of ice
 B - an amulet of magic regeneration (around neck)
Wands
 p - a wand of roots (17)
 D - a wand of flame (15)
 I - a wand of mindburst (9)
 R - a wand of digging (9)
Scrolls
 l - a scroll of amnesia
 m - a scroll of enchant armour
 o - a scroll of fog
 x - 4 scrolls of enchant weapon {unknown}
 z - a scroll of silence
 A - a scroll of magic mapping
 E - 4 scrolls of teleportation
 F - 5 scrolls of blinking {unknown}
 H - 2 scrolls of poison
 J - 3 scrolls of noise {unknown}
 O - 4 scrolls of fear {unknown}
 Q - 2 scrolls of acquirement
 S - a scroll of identify
Potions
 b - 2 potions of magic
 d - 3 potions of ambrosia {unknown}
 e - a potion of cancellation {unknown}
 f - 4 potions of haste
 g - 3 potions of curing
 i - 2 potions of mutation
 k - 7 potions of attraction {unknown}
 t - 5 potions of brilliance
 u - a potion of heal wounds
 C - 2 potions of lignification
 P - 2 potions of degeneration {unknown}


   Skills:
 * Level 5.2 Fighting
 + Level 3.0(3.8) Short Blades
 + Level 3.2(3.7) Long Blades
 + Level 1.6 Throwing
 * Level 1.6 Armour
 * Level 7.8 Dodging
 + Level 5.1 Stealth
 * Level 14.0 Spellcasting
 + Level 6.1 Conjurations
 + Level 9.5 Necromancy
 + Level 6.1 Translocations
 * Level 3.6 Fire Magic
 * Level 2.2 Ice Magic
 + Level 3.4 Air Magic
 + Level 4.9 Poison Magic


You had 14 spell levels left.
You knew the following spells:

 Your Spells              Type           Power      Damage    Failure   Level
a - Dazzling Flash        Conj/Hex       66%        N/A       1%          3
b - Sandblast             Erth           34%        2d9       1%          1
d - Vampiric Draining     Necr           60%        2d10      1%          3
e - Searing Ray           Conj           96%        2d7       1%          2
f - Fireball              Conj/Fire      21%        3d10      5%          5
t - Teleport Other        Tloc           48%        N/A       1%          3
v - Poisonous Vapours     Pois/Air       76%        N/A       1%          2
z - Freezing Cloud        Conj/Ice/Air   18%        6-21      8%          5

Your spell library contained the following spells:

 Spells                   Type           Power      Damage    Failure   Level
 Necrotise                Necr           100%       1d9       1%          1
 Lesser Beckoning         Tloc           96%        N/A       1%          2
 Gell's Gravitas          Tloc           48%        N/A       1%          3
 Hailstorm                Conj/Ice       38%        3d9       1%          3
 Animate Dead             Necr           60%        N/A       1%          4
 Agony                    Necr           60%        N/A       2%          5
 Spider Form              Tmut/Pois      29%        N/A       6%          3
 Cause Fear               Hex            8%         N/A       45%         4
 Summon Mana Viper        Hex/Summ       17%        N/A       82%         5


Dungeon Overview and Level Annotations

Branches:
Dungeon (11/15)            Temple (0/1) D:6             Orc (0/2) D:10
 Bailey (visited)
   Lair: D:8-11

Altars:
Dithmenos
Fedhas
Hepliaklqana
Nemelex Xobeh
Okawaru
Qazlal
Ru
Trog
Uskayaw
Vehumet
Zin
The Shining One

Shops:
D:2 =   D:4 (   D:11 *

Annotations:
D:7 Joseph
D:9 Harold
D:11 Lodul


Message History

Vehumet accepts your kill.
You feel your power returning.
You finish channelling your searing ray.
The gargoyle hits you with a +0 flail!
Your Spellcasting skill increases to level 14!
Casting: Searing Ray (safe; 1% risk of failure)
Confirm with . or Enter, or press ? or * to list all spells.
Aiming: Teleport Other (safe; 1% risk of failure)
Press: ? - help, Shift-Dir - straight line, f - gargoyle
Aim: a gargoyle, wielding a +0 flail (chance to affect: 64%)
The gargoyle looks slightly unstable.
The gargoyle hits you with a +0 flail!
Things that are here:
a +0 giant club; a +0 giant club The gargoyle disappears!
Things that are here:
a +3 dagger of chaos; a +0 robe of positive energy
Found a scroll of acquirement.
Casting: Teleport Other (safe; 1% risk of failure)
Confirm with . or Enter, or press ? or * to list all spells.
Aiming: Teleport Other (safe; 1% risk of failure)
Press: ? - help, Shift-Dir - straight line, f/p - gargoyle
Aim: a gargoyle, wielding a +0 flail (chance to affect: 64%)
The gargoyle looks slightly unstable.
The gargoyle hits you with a +0 flail!!
Casting: Teleport Other (safe; 1% risk of failure)
Confirm with . or Enter, or press ? or * to list all spells.
You don't know that spell.
Unknown command.
You hit the gargoyle.
The gargoyle is lightly damaged.
The gargoyle disappears!
Things that are here:
a +3 dagger of chaos; a +0 robe of positive energy
Things that are here:
a +0 giant club; a +0 giant club The cyclops shouts!
The cyclops throws a large rock.
The large rock hits you!!!
Ouch! That really hurt!
* * * LOW HITPOINT WARNING * * *
The cyclops throws a large rock.
The large rock hits you!
You die...

#.#####.### #......÷.......§§
#.).....#########.######....##...
..)......~........## ###...##.#
###)...##~.~~.~~~..######...#####
...<##...C~.~~~~~#....##..#...#..
.......##..~≈~..~.†.#...........#
...######.~.≈~.~.##...>.≈.~.~~..#
##.# #~~~~~..~.####.....~~~...#
.#.# #≈~~~~..~@# ###.~~~~~~..#
(#.## #≈≈~.~..~.######..≈~~~~..#
(#..####~≈~.~~.~.........~≈~≈~...
##......~~~....~.#.####...~~~...#
...####...~....~.#.# #.~~.......
#### #.~.~..∩.≈...# #..........
#..~~~...~.### #######....
#..~~~~..~.# ##### #.~~≈^..≈~.#


You could see a cyclops.

Vanquished Creatures
  2 two-headed ogres
  Pikel (D:6)
  2 orc knights (Bailey)
  3 cyclopes
  Psyche (D:11)
  A rime drake (D:11)
  A kobold demonologist (D:9)
  A polar bear (D:11)
  3 trolls (D:10)
  4 centaur simulacra (D:11)
  A basilisk (D:11)
  9 yaks
  2 steam dragons
  3 wyverns
  Menkaure (D:7)
  6 ice beasts
  A sky beast (D:6)
  9 orc warriors
  2 black bears
  7 ogres
  2 centaurs
  7 wolves
  A phantom (D:7)
  A lemure (D:6)
  Blork the orc (D:6)
  4 kobold brigands
  4 gnoll sergeants
  An earth elemental (D:11)
  2 bullfrogs
  2 scorpions (D:5)
  10 wights
  20 killer bees
  2 howler monkeys (D:10)
  An electric eel (D:11)
  2 quasits (D:8)
  2 gnoll boudas
  6 hounds
  A jelly (D:6)
  Crazy Yiuf (D:7)
  8 orc priests
  A sleepcap (D:5)
  4 iguanas
  12 orc wizards
  30 gnolls
  9 adders
  3 shadow imps (D:8)
  9 white imps
  4 ufetubi
  A worm (D:4)
  3 dart slugs
  57 orcs
  6 ball pythons
  4 endoplasms
  8 goblins
  7 hobgoblins
  A quokka (D:1)
  4 bats
  4 frilled lizards
  21 kobolds
  A rat (D:2)
327 creatures vanquished.

Notes
Turn   | Place    | Note
-------+----------+-------------------------------------------
     0 | D:1      | Esekla the Deep Elf Necromancer began the quest for the
                  | Orb.
     0 | D:1      | Reached XP level 1. HP: 10/10 MP: 6/6
   295 | D:2      | Found Renulab's Jewellery Shop.
   463 | D:4      | Found a radiant altar of Vehumet.
   474 | D:4      | Found an iron altar of Okawaru.
   486 | D:4      | Found a glowing silver altar of Zin.
   579 | D:4      | Became a worshipper of Vehumet
   727 | D:4      | Reached skill level 5 in Necromancy
   870 | D:3      | Reached XP level 2. HP: 15/15 MP: 8/8
  1209 | D:3      | Identified the +5 rapier of the Hero {heavy, rN+ Dex+3}
  1457 | D:3      | Reached XP level 3. HP: 19/19 MP: 9/9
  1461 | D:3      | Learned a level 3 spell: Vampiric Draining
  1597 | D:3      | Found a stormy altar of Qazlal.
  1600 | D:3      | Found a hazy altar of Hepliaklqana.
  1600 | D:3      | Found a bloodstained altar of Trog.
  1609 | D:3      | Reached skill level 1 in Short Blades
  1612 | D:3      | Reached XP level 4. HP: 22/24 MP: 9/11
  1758 | D:2      | Reached * piety under Vehumet
  1758 | D:2      | Offered knowledge of Sandblast by Vehumet.
  1811 | D:2      | Noticed a black bear
  1935 | D:1      | Learned a level 1 spell: Sandblast
  1939 | D:1      | Learned a level 3 spell: Teleport Other
  2401 | D:2      | Reached XP level 5. HP: 23/28 MP: 5/12
  2426 | D:2      | Found a faded altar of an unknown god.
  2447 | D:2      | Reached skill level 4 in Spellcasting
  2447 | D:2      | Reached skill level 1 in Translocations
  2477 | D:2      | Killed a black bear
  2866 | D:4      | Reached XP level 6. HP: 32/32 MP: 9/14
  3036 | D:4      | Reached skill level 5 in Spellcasting
  3055 | D:4      | Found a glowing golden altar of the Shining One.
  3142 | D:4      | Reached ** piety under Vehumet
  3142 | D:4      | Offered knowledge of Searing Ray by Vehumet.
  3146 | D:4      | Learned a level 2 spell: Searing Ray
  3413 | D:4      | Found Ponaysk's Antique Weapon Boutique.
  3642 | D:5      | Entered Level 5 of the Dungeon
  3651 | D:5      | Got the Parchment of the Lumpy Olives
  3668 | D:5      | Found a shadowy altar of Dithmenos.
  3823 | D:5      | Reached skill level 1 in Conjurations
  4020 | D:5      | Reached XP level 7. HP: 36/36 MP: 14/17
  4343 | D:6      | Noticed Blork the orc
  4396 | D:6      | Killed Blork the orc
  4397 | D:6      | Reached skill level 6 in Spellcasting
  4677 | D:5      | Reached skill level 7 in Spellcasting
  4677 | D:5      | Reached XP level 8. HP: 29/41 MP: 14/20
  4847 | D:6      | Found a staircase to the Ecumenical Temple.
  4851 | D:6      | Noticed Pikel
  5161 | D:7      | Found a runed translucent door.
  5162 | D:7      | Noticed Crazy Yiuf
  5169 | D:7      | Killed Crazy Yiuf
  5251 | D:6      | Killed Pikel
  5252 | D:6      | Reached skill level 5 in Dodging
  5252 | D:6      | Reached skill level 8 in Spellcasting
  5477 | D:6      | Found a blossoming altar of Fedhas.
  5494 | D:6      | Offered knowledge of Poisonous Vapours by Vehumet.
  5502 | D:6      | Learned a level 2 spell: Poisonous Vapours
  5853 | D:7      | Reached skill level 9 in Spellcasting
  5862 | D:7      | Reached skill level 1 in Throwing
  5862 | D:7      | Reached XP level 9. HP: 39/45 MP: 20/24
  5880 | D:7      | Noticed Menkaure
  5888 | D:7      | Killed Menkaure
  5963 | D:7      | Reached *** piety under Vehumet
  5964 | D:7      | Reached skill level 1 in Poison Magic
  6175 | D:7      | Reached skill level 1 in Air Magic
  6420 | D:7      | Noticed Joseph
  6599 | D:7      | Reached skill level 5 in Stealth
  6599 | D:7      | Reached skill level 10 in Spellcasting
  6653 | D:8      | Offered knowledge of Volatile Blastmotes by Vehumet.
  7034 | D:8      | Found a hide-covered altar of Uskayaw.
  7115 | D:8      | Reached **** piety under Vehumet
  7116 | D:8      | Reached skill level 5 in Translocations
  7300 | D:8      | Found a transporter.
  7300 | D:8      | Found a transporter.
  7311 | D:8      | Found a transporter.
  7319 | D:8      | Found a transporter.
  7333 | D:8      | Offered knowledge of Dazzling Flash by Vehumet.
  7340 | D:8      | Learned a level 3 spell: Dazzling Flash
  7931 | D:9      | Found a flagged portal.
  7980 | Bailey   | Entered a bailey
  8131 | Bailey   | Reached XP level 10. HP: 47/50 MP: 26/26
  8144 | Bailey   | Identified the +2 bardiche of Puhoisos {heavy, rElec
                  | Stlth+}
  8243 | Bailey   | Reached skill level 11 in Spellcasting
  8312 | Bailey   | Noticed an orc knight
  8312 | Bailey   | Noticed an orc knight
  8376 | Bailey   | Killed an orc knight
  8377 | Bailey   | Reached skill level 1 in Long Blades
  8520 | Bailey   | Killed an orc knight
  8521 | Bailey   | Reached skill level 5 in Conjurations
  8874 | D:9      | Reached skill level 1 in Fighting
  8922 | D:9      | Noticed a rust devil
  9025 | D:9      | Found a sparkling altar of Nemelex Xobeh.
  9075 | D:9      | Noticed a two-headed ogre
  9092 | D:9      | Killed a two-headed ogre
  9217 | D:9      | Noticed a cyclops
  9228 | D:9      | Killed a cyclops
  9229 | D:9      | Reached skill level 12 in Spellcasting
  9237 | D:9      | Noticed a cyclops
  9301 | D:9      | Reached ***** piety under Vehumet
  9376 | D:9      | Offered knowledge of Fireball by Vehumet.
  9383 | D:9      | Learned a level 5 spell: Fireball
  9431 | D:9      | Killed a cyclops
  9488 | D:9      | Reached XP level 11. HP: 55/59 MP: 29/29
  9621 | D:9      | Noticed Harold
  9702 | D:10     | Entered Level 10 of the Dungeon
  9893 | D:10     | Reached skill level 1 in Fire Magic
 10317 | D:10     | Found a sacrificial altar of Ru.
 10371 | D:10     | Found a staircase to the Orcish Mines.
 11002 | D:11     | Reached skill level 13 in Spellcasting
 11085 | D:11     | Found Fagafuf's Pet Rocks.
 11086 | D:11     | Noticed Lodul
 11777 | D:11     | Reached skill level 1 in Armour
 11796 | D:11     | Offered knowledge of Freezing Cloud by Vehumet.
 11810 | D:11     | Learned a level 5 spell: Freezing Cloud
 12014 | D:11     | Reached skill level 1 in Ice Magic
 12381 | D:11     | Reached skill level 5 in Fighting
 12416 | D:11     | Got Simple Magic
 12642 | D:11     | Noticed Psyche
 12660 | D:11     | Killed Psyche
 12686 | D:11     | Noticed a two-headed ogre
 12703 | D:11     | Killed a two-headed ogre
 12704 | D:11     | Reached skill level 14 in Spellcasting
 12734 | D:11     | Hit by a large rock thrown by a cyclops

Illustrated notes

Levels and vault maps discovered:
D:1:      sevenhm_arrival_forest_fort_small_3, layout_rooms,
          chequers_serial_rivers_room_b, minmay_misc_feat_five
D:2:      layout_loops_ring, dreamdust_ecumenical_altar_angels_and_demons,
          serial_shops, shop
D:3:      layout_basic, grunt_temple_overflow_open, minmay_misc_feat_iff
D:4:      layout_basic, nicolae_overflow_quartered_altars, serial_shops,
          nicolae_diamond_shop
D:5:      layout_loops_ring, lemuel_doored_altar, minmay_misc_feat_rows,
          dreamdust_wishing_well
D:6:      layout_loops_cross, fedhas_altar_fruit_tree,
          minmay_temple_entry_glass, uniq_pikel, uniq_blork_the_orc
D:7:      layout_basic, uniq_menkaure, uniq_joseph, uniq_crazy_yiuf_cottage
D:8:      layout_basic, nicolae_uskayaw_dance_hall, serial_demonic,
          serial_demonic_d, serial_demonic_a, serial_demonic_c,
          serial_demonic_c, nicolae_diode_quadrants
D:9:      layout_irregular_city, kennysheep_little_box, enter_bailey_4,
          minmay_between, uniq_harold
D:10:     layout_basic, nicolae_ru_awakened_eye
D:11:     layout_rooms, hellmonk_lair_entry_icy, serial_ice, serial_ice_j,
          serial_ice_m, serial_ice_o, serial_ice_c, serial_ice_g, serial_ice_f,
          guppyfry_shop_earth, uniq_psyche, uniq_lodul

Skill      XL: |  1  2  3  4  5  6  7  8  9 10 11 |
---------------+----------------------------------+-----
Necromancy     | 5 6 7 8 9 |  9.5
Short Blades   | 1 2 3 |  3.0
Dodging        | 3 4 5 6 7 |  7.8
Stealth        | 3 4 5 |  5.1
Spellcasting   | 4 5 7 9 10 12 14 | 14.0
Translocations | 1 2 3 4 5 6 |  6.1
Conjurations   | 1 2 3 4 5 6 |  6.1
Throwing       | 1 |  1.6
Poison Magic   | 2 3 4 |  4.9
Air Magic      | 1 3 |  3.4
Long Blades    | 2 3 |  3.2
Fighting       | 2 5 |  5.2
Fire Magic     | 3 |  3.6
Armour         | 1 |  1.6
Ice Magic      | 2 |  2.2

Action                     |  1- 3 |  4- 6 |  7- 9 | 10-12 || total
---------------------------+-------+-------+-------+-------++-------
  Melee: Short sword       |    41 |       |       |       ||    41
         Unarmed           |     9 |       |       |       ||     9
         Rapier            |    13 |    10 |    28 |     6 ||    57
         Dagger            |       |   196 |    95 |       ||   291
         Punch             |       |     3 |     3 |       ||     6
         Scimitar          |       |       |    15 |       ||    15
         Great sword       |       |       |    14 |   103 ||   117
  Throw: Dart              |       |     3 |    17 |    19 ||    39
         Boomerang         |       |       |       |     1 ||     1
   Cast: Vampiric Draining |       |    27 |    53 |    81 ||   161
         Searing Ray       |       |     1 |    49 |    69 ||   119
         Teleport Other    |       |       |     6 |     6 ||    12
         Poisonous Vapours |       |       |     4 |    44 ||    48
         Dazzling Flash    |       |       |     1 |     3 ||     4
  Evoke: Wand              |       |       |     2 |     2 ||     4
    Use: Potion            |       |       |     4 |     4 ||     8
         Scroll            |       |       |     2 |    13 ||    15
   Stab: Sleeping          |     3 |     4 |    12 |     3 ||    22
         Distracted        |       |     1 |       |       ||     1
         Invisible         |       |       |     1 |       ||     1
 Armour: Robe              |    22 |    22 |    37 |       ||    81
         Steam dragon scal |       |       |    40 |    87 ||   127
         Troll leather arm |       |       |       |     8 ||     8
  Dodge: Dodged            |    63 |   125 |   215 |   256 ||   659
